Map: Fracture LE

Players

MaSa - Winner!

  • Race: Terran Terran
  • Spawn Location: 11:00

TRUE

  • Race: Zerg Zerg
  • Spawn Location: 5:00

Event: WCS Montreal 2018

VOD

Have the link to the VOD?

Description

Time

  • Played on: Sept. 7, 2018, 7:31 p.m.
  • Length: 11:24

All games in this series

Show
View Real Time Build Order
Export as new Build Order

MaSa Terran - Winner!

Build Orders: Reaper Expand, MMM Bio, Banshee Rush 

Get SALT Encoding   

  12  0:00  SCV  
  13  0:12  SCV  
  14  0:17  Supply Depot  
  14  0:25  SCV  
  15  0:39  SCV  
  15  0:40  Barracks  
  16  0:44  Refinery  
  16  0:51  SCV  
  17  1:03  SCV  
  18  1:15  SCV  
  19  1:27  Orbital Command, Reaper  
  20  1:39  Command Center  
  20  1:44  Refinery  
  20  1:51  Supply Depot  
  20  1:55  SCV  
  20  1:59  Marine  
  22  2:09  Factory  
  22  2:11  SCV  
  23  2:18  Barracks Reactor  
  23  2:23  SCV  
  24  2:35  SCV  
  24  2:47  SCV  
  25  2:51  Orbital Command  
  25  2:54  Starport, Factory Tech Lab  
  25  2:55  Marine x2  
  27  2:59  SCV  
  28  3:11  SCV  
  29  3:13  Marine x2  
  29  3:19  SCV  
  32  3:23  SCV  
  32  3:26  Factory Tech Lab  
  33  3:31  SCV, Marine x2  
  36  3:36  SCV  
  36  3:37  Cloaking Field  
  36  3:38  Banshee  
  40  3:43  SCV  
  40  3:45  Supply Depot  
  40  3:48  Siege Tank, SCV  
  45  3:55  SCV  
  46  4:06  SCV, Command Center  
  46  4:08  Supply Depot, SCV  
  46  4:09  Marine  
  48  4:12  Marine  
  49  4:18  SCV  
  49  4:20  Banshee  
  49  4:23  SCV  
  54  4:27  Supply Depot  
  54  4:30  Siege Tank, SCV  
  58  4:33  Supply Depot  
  58  4:36  SCV  
  59  4:38  Refinery  
  59  4:42  SCV  
  59  4:44  Marine  
  61  4:46  Marine  
  61  4:48  SCV  
  63  4:55  SCV  
  64  5:00  SCV  
  64  5:03  Banshee  
  64  5:04  Barracks  
  64  5:05  Barracks  
  69  5:07  Factory Reactor, SCV  
  69  5:12  SCV  
  69  5:13  Engineering Bay  
  70  5:14  Engineering Bay  
  70  5:18  Orbital Command  
  70  5:19  SCV  
  71  5:23  Marine  
  71  5:24  Refinery  
  71  5:26  Stimpack  
  72  5:28  SCV  
  72  5:32  SCV  
  69  5:47  Supply Depot x2  
  69  5:48  Supply Depot  
  69  6:01  Supply Depot  
  69  6:08  SCV x2  
  69  6:09  Marine  
  73  6:13  SCV  
  73  6:14  Terran Infantry Weapons Level 1, Terran Infantry Armor Level 1  
  73  6:16  Factory Reactor  
  73  6:20  SCV x2  
  73  6:23  Marine x4  
  80  6:25  SCV  
  80  6:30  Supply Depot  
  80  6:33  SCV x2  
  80  6:35  Marine  
  80  6:37  SCV  
  84  6:41  Marine  
  85  6:47  SCV, Marine  
  85  6:48  Marine  
  85  6:52  Marine  
  89  6:57  SCV  
  89  6:59  Marine x2  
  89  7:00  Supply Depot  
  93  7:02  Orbital Command, Barracks  
  93  7:05  Barracks  
  93  7:06  Marine x2  
  93  7:08  SCV  
  95  7:09  Factory Reactor, Marine  
  95  7:13  SCV  
  97  7:17  Marine x2  
  97  7:18  Medivac x2  
  97  7:20  SCV  
  97  7:21  Supply Depot x2  
  104  7:23  Armory  
  104  7:24  Marine  
  104  7:25  SCV  
  104  7:28  Marine  
  104  7:29  SCV, Marine  
  109  7:35  Combat Shield, Marine x2  
  111  7:38  SCV x2  
  111  7:43  SCV  
  114  7:48  Refinery, Medivac x2  
  114  7:49  Marine  
  114  7:50  Barracks Reactor  
  119  7:51  Command Center  
  119  7:52  Barracks Reactor  
  119  7:57  Widow Mine x2  
  123  8:00  SCV x2  
  123  8:01  SCV  
  123  8:03  Sensor Tower  
  126  8:09  Marine x2  
  126  8:12  SCV  
  129  8:13  SCV x2, Marine x2  
  133  8:23  Supply Depot  
  133  8:24  Supply Depot  
  133  8:25  Supply Depot  
  133  8:39  Supply Depot  
  133  8:44  Marine x6  
  133  8:45  Medivac  
  133  8:46  Widow Mine x2, SCV, Marine x3  
  75  8:48  Medivac  
  151  9:02  Marine x6, Barracks x2  
  147  9:03  Barracks  
  147  9:05  Marine x3  
  147  9:08  Widow Mine x2  
  160  9:12  Supply Depot  
  160  9:15  Medivac  
  162  9:18  Medivac  
  162  9:20  Marine x5  
  162  9:24  Marauder, Marine  
  171  9:25  Marine x2  
  171  9:28  SCV x2  
  171  9:29  Widow Mine x2  
  179  9:40  Marine x2  
  180  9:47  Marine  
  180  9:48  Marine x2  
  180  9:50  Widow Mine x2, Marine x3  
  180  9:51  Marine  
  180  9:52  Marine  
  187  9:55  Supply Depot  
  187  9:58  Marine x2  
  171  10:01  Marine x2  
  171  10:05  Planetary Fortress  
  167  10:07  Missile Turret  
  167  10:08  Missile Turret  
  167  10:11  Marine x2  
  167  10:12  Barracks Tech Lab  
  169  10:15  Widow Mine  
  169  10:18  Missile Turret  
  169  10:19  Marine x2  
  170  10:21  Marine  
  170  10:22  Barracks Tech Lab, Marine x2  
  170  10:27  Marauder, Marine x2  
  170  10:32  Marauder, Marine x2  
  170  10:34  SCV  
  170  10:35  Unknown x2  
  172  10:36  Marine  
  172  10:39  Marine x3  
  172  10:42  Marauder  
  172  10:45  Marauder, Marine  
  172  10:48  Marine  
  172  10:49  Marauder  
  178  10:53  Marauder  
  178  10:55  Marine  
  178  10:56  Marine x2  
  173  10:58  Widow Mine  
  173  11:02  Marine  
Show
View Real Time Build Order
Export as new Build Order

TRUE Zerg 

Build Orders: Pool First, Muta Ling Bane 

Get SALT Encoding   

  12  0:00  Drone  
  13  0:12  Overlord  
  13  0:16  Drone  
  14  0:30  Drone x2  
  14  0:34  Drone  
  17  0:43  Spawning Pool  
  17  0:46  Drone  
  17  0:53  Extractor  
  17  0:55  Drone  
  17  1:14  Hatchery  
  16  1:23  Overlord  
  16  1:29  Queen  
  18  1:34  Zergling x2  
  18  1:39  Drone  
  20  1:42  Drone  
  21  1:49  Drone  
  22  1:54  Metabolic Boost  
  22  1:59  Drone  
  23  2:07  Queen  
  25  2:10  Drone  
  26  2:25  Queen  
  26  2:28  Drone x2  
  30  2:32  Drone  
  31  2:39  Drone x3  
  31  2:41  Drone  
  34  2:45  Drone  
  34  2:47  Drone  
  36  2:55  Overlord  
  36  3:13  Queen  
  36  3:14  Overlord  
  36  3:16  Drone x2  
  36  3:17  Drone x3  
  43  3:31  Hatchery, Queen  
  44  3:37  Drone x3  
  44  3:39  Drone  
  48  3:47  Zergling x8  
  52  3:52  Overlord  
  52  3:56  Baneling Nest  
  52  3:57  Zergling x2  
  52  3:59  Extractor  
  51  4:06  Drone  
  51  4:07  Overlord  
  51  4:08  Overlord  
  52  4:11  Drone x3  
  52  4:14  Queen  
  57  4:21  Drone  
  57  4:22  Zergling x4  
  60  4:28  Zergling x2  
  60  4:32  Zergling x2  
  61  4:41  Zergling x14  
  68  4:46  Zergling x4  
  70  4:54  Zergling x4  
  70  4:57  Zergling x2  
  73  5:01  Zergling x2  
  73  5:04  Zergling x2  
  75  5:07  Zergling x4  
  75  5:08  Overlord, Zergling x6  
  75  5:10  Baneling x3  
  75  5:11  Baneling x10  
  75  5:12  Baneling  
  75  5:13  Baneling x5  
  80  5:16  Overlord  
  80  5:17  Zergling x2  
  81  5:22  Overlord  
  77  5:36  Drone  
  77  5:37  Drone x2  
  77  5:38  Drone x9  
  77  5:40  Drone  
  82  5:44  Spore Crawler  
  82  5:46  Spore Crawler  
  78  5:51  Spore Crawler  
  78  5:54  Queen  
  79  5:58  Drone x2  
  79  5:59  Drone x2  
  79  6:00  Drone  
  79  6:02  Drone  
  81  6:04  Drone  
  81  6:09  Queen  
  82  6:13  Evolution Chamber  
  82  6:14  Evolution Chamber  
  78  6:29  Spore Crawler  
  75  6:35  Drone x4  
  75  6:38  Drone x3  
  75  6:39  Drone x4  
  85  6:43  Queen  
  85  6:45  Queen  
  85  6:55  Hatchery  
  85  6:57  Zerg Ground Armor Level 1, Zerg Melee Weapons Level 1  
  84  7:05  Extractor, Drone  
  84  7:15  Drone  
  84  7:16  Drone x5  
  84  7:18  Overlord  
  84  7:20  Zergling x2  
  84  7:21  Zergling x2  
  84  7:22  Hatchery  
  91  7:23  Zergling x2  
  91  7:27  Lair  
  91  7:29  Zergling x4  
  94  7:31  Zergling x2  
  92  7:39  Zergling x6  
  95  7:47  Zergling x2  
  95  7:48  Zergling x4  
  95  7:49  Burrow, Zergling x4  
  100  7:59  Zergling x6  
  100  8:00  Zergling x2  
  100  8:01  Zergling x2  
  105  8:12  Extractor  
  104  8:14  Drone x2  
  104  8:15  Drone x4  
  104  8:19  Extractor  
  109  8:20  Overlord  
  109  8:24  Spire  
  109  8:25  Centrifical Hooks  
  108  8:27  Overlord  
  108  8:33  Overlord  
  108  8:35  Extractor  
  106  8:43  Queen  
  106  8:46  Hatchery, Zergling x2  
  106  8:47  Zergling x20  
  115  8:49  Overseer  
  115  8:51  Drone x2  
  115  8:59  Drone x2  
  112  9:07  Queen  
  112  9:08  Drone  
  115  9:14  Drone x2  
  115  9:16  Drone x5  
  115  9:17  Drone  
  123  9:29  Overlord  
  118  9:41  Baneling x5  
  118  9:42  Baneling  
  118  9:43  Baneling x4, Mutalisk x7  
  125  9:46  Mutalisk  
  125  9:51  Mutalisk  
  125  9:59  Mutalisk  
  116  10:01  Zergling x2  
  116  10:02  Zergling x6  
  116  10:03  Zergling x2  
  116  10:07  Zergling x8  
  123  10:11  Baneling x8  
  123  10:12  Baneling  
  124  10:25  Overlord x2  
  124  10:26  Baneling x5  
  124  10:27  Overlord  
  124  10:29  Overlord  
  124  10:32  Overlord  
  124  10:34  Overlord  
  124  10:35  Overlord  
  121  10:43  Zergling x2  
  121  10:44  Zergling x10  
  121  10:45  Zergling x2  
  121  10:49  Zergling x2  
  125  10:50  Zergling x2  
  125  10:54  Zergling x2  
  115  10:59  Zergling x2  
  115  11:00  Zergling x8  
Tags
 
Add a new tag
Caveats
  • Supply blocks, unpowered buildings, or Contaminate may cause inaccurate times.
  • Supply counts are checked every 10 seconds.